 Dungeon Crawl Stone Soup version 0.20.0-15-g7f486f2 (webtiles) character file.

297 vishdafish the Shield-Bearer (level 6, 0/48 HPs)
             Began as a Formicid Fighter on June 26, 2017.
             Was an Initiate of Okawaru.
             Succumbed to a kobold's poison
             ... on level 3 of the Dungeon.
             The game lasted 00:03:30 (1996 turns).

vishdafish the Shield-Bearer (Formicid Fighter)     Turns: 1996, Time: 00:03:31

Health: 0/48       AC:  7    Str: 20 (22) XL:     6   Next: 62%
Magic:  6/6        EV:  8    Int: 10 (13) God:    Okawaru [......]
Gold:   58         SH:  9    Dex:  7 (10) Spells: 5/5 levels left

rFire    . . .     SeeInvis +   a - +0 war axe
rCold    . . .     Gourm    .   c - +0 shield
rNeg     . . .     Faith    .   b - +0 scale mail
rPois    .         Spirit   .   (helmet unavailable)
rElec    .         Reflect  .   (no cloak)
rCorr    +         Harm     .   (no gloves)
MR       .....                  (no boots)
Stlth    ..........             (no amulet)
Regen    0.2/turn               p - ring of resist corrosion
MPRegen  0.1/turn               (no ring)

@: brilliant, lethally poisoned (0 -> -9), flying
A: permanent stasis, dig shafts and tunnels, four strong arms, antennae 3
a: Dig, Shaft Self, Renounce Religion


You were on level 3 of the Dungeon.
You worshipped Okawaru.
Okawaru was noncommittal.
You were not hungry.

You visited 2 branches of the dungeon, and saw 5 of its levels.

You collected 58 gold pieces.

Inventory:

Hand Weapons
 a - a +0 war axe (weapon)
Armour
 b - a +0 scale mail (worn)
 c - a +0 shield (worn)
Jewellery
 p - a ring of resist corrosion (left hand)
Scrolls
 h - 2 scrolls of enchant weapon {unknown}
 j - a scroll of fog {unknown}
 k - 2 scrolls of remove curse {unknown}
 l - 5 scrolls of identify {unknown}
 o - a scroll of blinking {unknown}
Potions
 d - a potion of might
 e - a potion of degeneration
 n - a potion of haste
Comestibles
 f - 3 bread rations
 g - 2 fruits


   Skills:
 + Level 4.2 Fighting
 * Level 4.1 Axes
 + Level 4.1 Armour
 - Level 1.1 Dodging
 - Level 0.3 Stealth
 + Level 5.2 Shields


You had 5 spell levels left.
You didn't know any spells.

Dungeon Overview and Level Annotations

Branches:
Dungeon (4/15)             Temple (1/1) D:4

Altars:
Ashenzari
Cheibriados
Dithmenos
Elyvilon
Fedhas
Gozag
Hepliaklqana
Kikubaaqudgha
Nemelex Xobeh
Okawaru
Qazlal
Ru
Trog
Uskayaw
Vehumet
Zin
The Shining One


Innate Abilities, Weirdness & Mutations

You cannot be hasted, slowed, berserked, paralysed or teleported.
You can dig through walls and to a lower floor.
Your four strong arms can wield two-handed weapons with a shield.
You have a pair of large antennae on your head. (SInv)


Message History

You fly up into the air.
* * * LOW HITPOINT WARNING * * *
You feel sick.
It was a potion of brilliance.
You feel clever all of a sudden.
* * * LOW HITPOINT WARNING * * *
You feel sick.
Okay, then.
Okay, then.
* * * LOW HITPOINT WARNING * * *
You feel sick.
* * * LOW HITPOINT WARNING * * *
You feel sick.
* * * LOW HITPOINT WARNING * * *
You feel sick.
* * * LOW HITPOINT WARNING * * *
You feel sick.
* * * LOW HITPOINT WARNING * * *
You feel sick.
You die...

#... ..# # ..## {
## ≈# ...## ## ##
.##≈ ....# ####..
(#... .##.. #....##
...# .###.##.....#
##..#
..##........###...#
...# #......##..@.#
..÷###.........#.##
#>..##)..........#
#.#.((.((.).###..#
#...(....(.......#
##..##......####.#
#..........# #.#
######.###.... ..#
#_#.##.# ##.###


There were no monsters in sight!

Vanquished Creatures
  Sigmund (D:3)
  A hound (D:3)
  An iguana (D:4)
  3 adders
  3 leopard geckos (D:1)
  5 giant cockroaches
  3 goblins
  2 hobgoblins
  4 jackals (D:4)
  8 kobolds
  A quokka (D:3)
  4 bats
  4 frilled lizards
  4 rats
44 creatures vanquished.

Notes
Turn   | Place    | Note
-------+----------+-------------------------------------------
     0 | D:1      | vishdafish the Formicid Fighter began the quest for the Orb.
     0 | D:1      | Reached XP level 1. HP: 18/18 MP: 1/1
   104 | D:1      | Reached XP level 2. HP: 24/24 MP: 2/2
   262 | D:1      | Reached skill level 4 in Shields
   427 | D:1      | Reached XP level 3. HP: 29/29 MP: 3/3
  1046 | D:2      | Reached XP level 4. HP: 37/37 MP: 4/4
  1066 | D:2      | Noticed a dagger
  1067 | D:2      | Found a hide-covered altar of Uskayaw.
  1068 | D:2      | Noticed a hand axe
  1115 | D:2      | You fall through a shaft for 2 floors!
  1135 | D:4      | Found a staircase to the Ecumenical Temple.
  1143 | Temple   | Entered the Ecumenical Temple
  1626 | D:4      | Noticed an ogre
  1654 | D:3      | Reached XP level 5. HP: 13/42 MP: 5/5
  1878 | D:3      | Noticed Sigmund
  1879 | D:3      | Found a shadowy altar of Dithmenos.
  1895 | D:3      | Killed Sigmund
  1895 | D:3      | Reached skill level 1 in Dodging
  1895 | D:3      | Reached skill level 5 in Shields
  1895 | D:3      | Reached XP level 6. HP: 23/48 MP: 6/6
  1937 | D:3      | Found a radiant altar of Vehumet.
  1938 | D:3      | Found an ancient bone altar of Kikubaaqudgha.
  1940 | D:3      | Found an iron altar of Okawaru.
  1946 | D:3      | Became a worshipper of Warmaster Okawaru
  1994 | D:3      | HP: 2/48 [poisoned by a kobold]
  1996 | D:3      | Succumbed to a kobold's poison

Skill      XL: |  1  2  3  4  5 |
---------------+----------------+-----
Shields        | 4 5 |  5.2
Axes           | 3 4 |  4.1
Fighting       | 4 |  4.2
Armour         | 4 |  4.1
Dodging        | 1 |  1.1
Stealth        | |  0.3

Action                   |  1- 3 |  4- 6 || total
-------------------------+-------+-------++-------
Melee: War axe           |    69 |    63 ||   132
  Use: Potion            |       |     4 ||     4
  Eat: Bread ration      |       |     1 ||     1
Armor: Scale mail        |    32 |    32 ||    64
Dodge: Dodged            |    29 |    23 ||    52
Block: Shield            |    40 |    37 ||    77
